 Dungeon Crawl Stone Soup version 0.25.1-2-g60ff931df9 (webtiles) character file.

Game seed: 14341497961127113739

58 Acheron the Chopper (level 3, -3/29 HPs)
             Began as a Draconian Wanderer on Sept 11, 2020.
             Slain by a gnoll
             ... wielding a +0 flail
              (5 damage)
             ... on level 3 of the Dungeon.
             The game lasted 00:07:00 (1377 turns).

Acheron the Chopper (Draconian Wanderer)            Turns: 1377, Time: 00:07:01

Health: -3/29      AC:  5    Str: 13    XL:     3   Next: 76%
Magic:  3/3        EV: 12    Int: 14    God:
Gold:   80         SH:  0    Dex: 10    Spells: 3/3 levels left

rFire    . . .     SeeInvis .   a - +2 dagger
rCold    . . .     Gourm    .   (no shield)
rNeg     . . .     Faith    .   (armour unavailable)
rPois    .         Spirit   .   (helmet restricted)
rElec    .         Reflect  .   (no cloak)
rCorr    .         Harm     .   (no gloves)
MR       .....                  (no boots)
Stlth    ++........             (no amulet)
HPRegen  0.09/turn              (no ring)
MPRegen  0.08/turn              (no ring)

@: no status effects
A: unfitting armour, cold-blooded, AC +5
a: no special abilities


You were on level 3 of the Dungeon.
You were hungry.

You visited 1 branch of the dungeon, and saw 3 of its levels.

You collected 80 gold pieces.

Inventory:

Hand Weapons
 a - a +2 dagger (weapon)
 c - a +0 shortbow
 e - a +0 hand axe
Missiles
 d - 40 arrows
 j - 57 stones (quivered)
Jewellery
 k - an uncursed amulet of magic regeneration {unknown}
 n - an uncursed amulet of the acrobat {unknown}
 q - an uncursed amulet of guardian spirit
 r - an uncursed ring of fire {unknown}
Potions
 b - a potion of haste
 g - a potion of berserk rage {unknown}
 h - 2 potions of might {unknown}
 l - a potion of heal wounds {unknown}
 m - a potion of mutation {unknown}
 p - a potion of lignification {unknown}
Comestibles
 f - a ration
 i - 2 chunks of flesh


   Skills:
 * Level 1.8 Fighting
 + Level 2.2 Short Blades
 + Level 4.5 Axes
 * Level 1.7 Dodging
 * Level 1.4 Stealth
   Level 1.0 Shields
 * Level 0.6 Spellcasting


You had 3 spell levels left.
You didn't know any spells.
Your spell library was empty.

Dungeon Overview and Level Annotations

Branches:
Dungeon (3/15)

Altars:
Trog

Annotations:
D:2 Natasha


Innate Abilities, Weirdness & Mutations

Your plain brown scales are hard. (AC +5)
You cannot fit into any form of body armour.
You are cold-blooded and may be slowed by cold attacks.


Message History

The gnoll hits you with a +0 flail.
You hit the gnoll.
The gnoll is almost dead.
You hit the gnoll. The gnoll barely misses you. The gnoll closely misses you.
The gnoll hits you.
* * * LOW HITPOINT WARNING * * *
You closely miss the gnoll.
The gnoll is almost dead.
You hit the gnoll. The gnoll barely misses you.
The gnoll hits you but does no damage.
You are feeling hungry.
You slash the gnoll!
You kill the gnoll!
You barely miss the gnoll. The gnoll hits you with a +0 flail.
* * * LOW HITPOINT WARNING * * *
a - a +2 dagger (weapon)
You barely miss the gnoll. You tail-slap the gnoll.
The gnoll is almost dead.
The gnoll hits you with a +0 flail.
You die...

## ... ###########
#..#######..)@g....#
#....$......†#####.#
#..#######.#.# #.#
#..#.......#.# #g#
#....#######.# #g#
#.#..# #.# #.#
#....# #.#####.#
##...# #..g....#
#####...# #########


You could see a gnoll.

Vanquished Creatures
  2 gnolls (D:3)
  An ooze (D:1)
  A ball python (D:1)
  4 bats
  3 goblins
  4 hobgoblins (D:1)
  3 jackals (D:1)
  A quokka (D:2)
  4 frilled lizards
  7 kobolds
  3 rats (D:1)
33 creatures vanquished.

Notes
Turn   | Place    | Note
-------+----------+-------------------------------------------
     0 | D:1      | Acheron the Draconian Wanderer began the quest for the Orb.
     0 | D:1      | Acheron set off with the following items: a +2 dagger, a
                  | potion of haste, a +0 shortbow, 22 arrows, a +0 hand axe, a
                  | ration
     0 | D:1      | Reached XP level 1. HP: 16/16 MP: 1/1
   335 | D:2      | Reached XP level 2. HP: 23/23 MP: 2/2
   880 | D:2      | Noticed Natasha
   900 | D:1      | Reached XP level 3. HP: 28/28 MP: 3/3
  1310 | D:3      | Found a bloodstained altar of Trog.
  1377 | D:3      | Slain by a gnoll

Illustrated notes

Levels and vault maps discovered:
D:1:      minmay_arrival_split_and_join, layout_basic
D:2:      layout_loops_ring, old_standard_altar, minmay_heptomino_d4,
          uniq_natasha
D:3:      layout_basic, bloody_trog, first_ration

Action                   || total
-------------------------++-------
Melee: Dagger            ||    95
       Tailslap          ||    12
       Hand axe          ||     5
  Use: Scroll            ||     6
 Stab: Sleeping          ||     3
  Eat: Chunk             ||     1
Armor: Skin              ||    40
Dodge: Dodged            ||    77
